 Dungeon Crawl Stone Soup version 0.24.0-13-gcf9b3192b9 (webtiles) character file.

Game seed: 17899874596914417507, levelgen mode: deterministic

57764 Curus the Severer (level 14, 0/136 HPs)
             Began as a Hill Orc Abyssal Knight on Nov 7, 2019.
             Was the Champion of Lugonu.
             Slain by a wolf (1 damage)
             ... on level 6 of the Lair of Beasts on Nov 8, 2019.
             The game lasted 02:14:11 (27082 turns).

Curus the Severer (Hill Orc Abyssal Knight)        Turns: 27082, Time: 02:14:12

Health: 0/136      AC: 27    Str: 19    XL:     14   Next: 87%
Magic:  22/22      EV:  7    Int: 12    God:    Lugonu [******]
Gold:   1215       SH:  0    Dex: 14    Spells: 13/13 levels left

rFire    + . .     SeeInvis .   P - +0 battleaxe
rCold    + . .     Gourm    .   (shield currently unavailable)
rNeg     . . .     Faith    .   J - +3 plate armour {rF+}
rPois    .         Spirit   .   i - +1 helmet
rElec    .         Reflect  .   F - scarf {repulsion}
rCorr    .         Harm     .   p - +1 pair of gloves
MR       +....     Clarity  +   s - +1 pair of boots
Stlth    ..........             (no amulet)
HPRegen  0.32/turn              y - ring of Shadows {Umbra +Inv Stlth+}
MPRegen  0.18/turn              l - +3 ring of strength

@: about to teleport, wreathed by umbra, repel missiles
A: clarity, cold resistance 1
a: Depart the Abyss, Bend Space, Banish, Corrupt, Enter the Abyss, Brand Weapon
With Distortion, Renounce Religion, Evoke Invisibility


You were on level 6 of the Lair of Beasts.
You worshipped Lugonu.
Lugonu was exalted by your worship.
You were not hungry.

You visited 2 branches of the dungeon, and saw 18 of its levels.
You visited the Abyss 1 time.
You also visited: Volcano.

You collected 1290 gold pieces.
You spent 75 gold pieces at shops.

Inventory:

Hand Weapons
 a - a +1 hand axe
 m - a +2 war axe of freezing
 n - a +1 hand axe of flaming
 P - a +0 battleaxe (weapon)
Armour
 b - a +0 leather armour
 e - a +1 ring mail
 g - a +0 chain mail
 h - a +1 cloak
 i - a +1 helmet (worn)
 p - a +1 pair of gloves (worn)
 s - a +1 pair of boots (worn)
 D - a +0 plate armour
 E - a +0 shield
 F - a scarf of repulsion (worn)
 J - a +3 plate armour of fire resistance (worn)
Jewellery
 j - a +4 ring of dexterity
 l - a +3 ring of strength (right hand)
 o - a +3 ring of dexterity
 q - a -6 ring of protection
 t - an uncursed ring of fire
 y - the ring of Shadows (left hand) {Umbra +Inv Stlth+}
   (You took it off an orc wizard on level 7 of the Dungeon)

   [ring of stealth]

   It lets you turn invisible.
   It makes you more stealthy.
 R - an uncursed ring of teleportation
Wands
 r - a wand of clouds (2)
 z - a wand of iceblast (2)
 B - a wand of polymorph (21)
 C - a wand of random effects (39)
 K - a wand of paralysis (13)
 Q - a wand of acid (5)
 S - a wand of scattershot (6)
Scrolls
 d - 15 scrolls of identify
 f - 6 scrolls of teleportation
 u - 5 scrolls of fog
 x - 9 scrolls of remove curse
 L - 2 scrolls of amnesia
 M - a scroll of fear
 U - a scroll of magic mapping
Potions
 k - a potion of cancellation
 v - a potion of brilliance
 A - 2 potions of flight
 H - 4 potions of agility
 N - a potion of invisibility
 O - 2 potions of haste
 T - a potion of magic
Comestibles
 c - 39 rations
 w - 3 chunks of flesh


   Skills:
 - Level 15.9 Fighting
 + Level 17.4 Axes
 - Level 14.6 Armour
 - Level 0.7 Dodging
 + Level 10.8 Invocations
 - Level 5.0 Evocations


You had 13 spell levels left.
You didn't know any spells.
Your spell library contained the following spells:

 Spells                   Type           Power        Failure   Level  Hunger
 Animate Skeleton         Necr           N/A          99%         1    ##.....
 Apportation              Tloc           #.....       99%         1    ##.....
 Confusing Touch          Hex            #.....       99%         1    ##.....
 Corona                   Hex            #......      99%         1    ##.....
 Infusion                 Chrm           #...         99%         1    ##.....
 Magic Dart               Conj           #...         99%         1    ##.....
 Shock                    Conj/Air       #...         99%         1    ##.....
 Summon Small Mammal      Summ           #...         99%         1    ##.....
 Searing Ray              Conj           #.....       100%        2    ###....
 Shroud of Golubria       Chrm/Tloc      #.....       100%        2    ###....
 Slow                     Hex            #.......     100%        2    ###....
 Song of Slaying          Chrm           #.......     100%        2    ###....
 Swiftness                Chrm/Air       #.......     100%        2    ###....
 Dazzling Spray           Conj/Hex       #.....       100%        3    ####...
 Inner Flame              Hex/Fire       #.......     100%        3    ####...
 Portal Projectile        Hex/Tloc       #.....       100%        3    ####...
 Regeneration             Chrm/Necr      #.........   100%        3    ####...
 Spectral Weapon          Hex/Chrm       #.......     100%        3    ####...
 Static Discharge         Conj/Air       #.......     100%        3    ####...
 Airstrike                Air            #.........   100%        4    #####..
 Cause Fear               Hex            #.........   100%        4    #####..
 Force Lance              Conj/Tloc      #.......     100%        4    #####..
 Fulminant Prism          Conj/Hex       #.........   100%        4    #####..
 Iskenderun's Mystic Bla  Conj           #.......     100%        4    #####..
 Leda's Liquefaction      Hex/Erth       #.........   100%        4    #####..
 Lightning Bolt           Conj/Air       #.........   100%        5    ######.


Dungeon Overview and Level Annotations

Branches:
Dungeon (12/15)            Temple (0/1) D:6            Lair (6/6) D:10
  Swamp (0/4) Lair:4        Snake (0/4) Lair:2        Slime (0/5) Lair:6
    Orc (0/2) D:10        Volcano (visited)

Altars:
Dithmenos
Gozag
Makhleb
Nemelex Xobeh
Okawaru
Qazlal
Sif Muna
Yredelemnul
Zin
The Shining One

Shops:
D:5 (   D:7 *   D:9 [   D:12 (?}

Annotations:
D:4 2 transporters, Acheron's ghost, amateur MiBe
D:12 1 runed translucent door
Lair:1 3 runed translucent doors, hitsuchi's ghost, journeyman DEFE
Abyss:1 Duvessa; Pikel; Sonja


Innate Abilities, Weirdness & Mutations

You possess an exceptional clarity of mind.
Your flesh is cold resistant. (rC+)


Message History

The wolf bites you but does no damage.
The spriggan hits you but does no damage.
The spriggan rider completely misses you.
The wolf bites you but does no damage.
As you read the scroll of teleportation, it crumbles to dust.
You feel strangely unstable. The wolf barely misses you.
The wolf bites you but does no damage.
The wolf pauses to sniff the ground.
The wolf bites you but does no damage.
The spriggan hits you but does no damage.
The spriggan rider completely misses you.
The wolf bites you but does no damage. The wolf bites you.
* * * LOW HITPOINT WARNING * * *
You feel better.
You feel yourself speed up. The wolf bites you but does no damage.
The wolf bites you!
* * * LOW HITPOINT WARNING * * *
The spriggan hits you but does no damage.
The wolf bites you.
You die...

### #.### .P# ### #..#
.## ####..####.## ..##
#......#P...# ..P###
#........P...... ...#.#
###...^......♣...♣ ....##
#.............♣♣♣♣ ....#
#####i.........♣# ....#
######.##@hy......♣♣
....####.#...###h#i.....♣
....##.......#.##ih..♣♣♣♣
..P.##........###y#..♣
...............##F..♣♣
.....P.........##..#♣
.................#♣.♣
..##..........h#.#.♣♣
.###..............♣


You could see a spriggan rider, a spiny frog, 2 hornets, 2 spriggans and 2
wolves.

Vanquished Creatures
  5 hydras
  A catoblepas (Lair:6)
  A queen ant (Lair:2)
  Urug (Lair:4)
  4 death yaks
  Nergalle (Lair:3)
  A skeletal warrior (D:12)
  A deep elf mage (D:11)
  2 ugly things (D:12)
  19 elephants
  6 black mambas
  The ghost of RandomHacker the Chopper, a novice MiBe of Trog (D:5)
  2 molten gargoyles (Volcano)
  2 gargoyles
  6 spiny frogs
  A rime drake (Lair:5)
  7 komodo dragons
  An efreet (Volcano)
  6 trolls
  A tyrant leech (Lair:4)
  6 blink frogs
  3 hornets
  4 polar bears (Lair:6)
  6 dream sheep
  7 hippogriffs
  3 slime creatures
  10 spriggans
  3 fire elementals (Volcano)
  3 wyverns
  2 fire bats (Volcano)
  30 yaks
  Eustachio (D:4)
  A steam dragon (D:8)
  A basilisk (Lair:6)
  4 nagas (Lair:2)
  2 swamp worms (Lair:4)
  23 soldier ants
  9 water moccasins
  3 porcupines
  A swamp drake (D:10)
  2 eyes of draining (D:9)
  7 orc warriors
  4 sky beasts
  6 black bears
  4 ice beasts
  A slave (D:4)
  A phantom (D:9)
  2 necrophages
  4 boggarts (Lair:6)
  6 centaurs
  5 ogres
  20 wolves
  12 crocodiles
  12 bullfrogs
  2 gnoll sergeants
  Dowan (D:4)
  A water moccasin zombie (D:8)
  8 scorpions
  20 killer bees
  3 wights (D:8)
  3 electric eels (Lair:5)
  A bullfrog zombie (D:12)
  A quasit (D:11)
  6 lava snakes (Volcano)
  9 hounds
  5 crimson imps
  10 jellies
  4 centaur skeletons
  5 orc priests
  5 bullfrog skeletons
  10 orc wizards
  4 iguanas
  26 worker ants
  2 hound zombies
  A howler monkey zombie (D:5)
  2 worker ant zombies
  2 howler monkey skeletons
  17 gnolls
  12 adders
  2 shadow imps
  12 oozes (Lair:4)
  2 adder skeletons
  2 worms
  2 dart slugs
  3 adder simulacra (D:5)
  3 leopard geckos
  42 orcs
  6 giant cockroaches
  7 hobgoblins
  10 jackals
  5 quokkas
  7 bats
  6 frilled lizards
  A giant cockroach simulacrum (D:5)
  A giant cockroach zombie (D:5)
  18 goblins
  4 kobolds
  7 rats
  3 fungi
  A plant (Lair:6)
581 creatures vanquished.

Vanquished Creatures (others)
  A stone giant (Volcano)
  A dire elephant (Lair:3)
  2 two-headed ogres (D:8)
  A death yak (Lair:4)
  An ugly thing (D:12)
  An elephant (Lair:3)
  A spiny frog (Lair:2)
  A komodo dragon (Lair:3)
  2 slaves (D:4)
  An orc wizard (D:10)
  2 orc priests (D:10)
  An iguana (D:4)
  2 orcs (D:10)
  72 fungi
  29 plants
  3 toadstools (D:10)
121 creatures vanquished.

Grand Total: 702 creatures vanquished

Notes
Turn   | Place    | Note
-------+----------+-------------------------------------------
     0 | Abyss:1  | Curus the Hill Orc Abyssal Knight began the quest for the
                  | Orb.
     0 | Abyss:1  | Reached XP level 1. HP: 19/19 MP: 2/2
    13 | D:1      | Escaped the Abyss
    21 | D:1      | Reached skill level 3 in Axes
    42 | D:1      | Reached XP level 2. HP: 22/26 MP: 2/4
   478 | D:1      | Reached XP level 3. HP: 31/31 MP: 5/5
   618 | D:1      | Gained mutation: Your flesh is cold resistant. (rC+)
                  | [potion of mutation]
   618 | D:1      | Gained mutation: You possess an exceptional clarity of
                  | mind. [potion of mutation]
   826 | D:2      | Reached ** piety under Lugonu
   851 | D:2      | Found a stormy altar of Qazlal.
  1091 | D:2      | Reached skill level 4 in Axes
  1597 | D:2      | Reached XP level 4. HP: 39/39 MP: 7/7
  1726 | D:2      | Found a burning altar of Makhleb.
  1726 | D:2      | Found a glowing golden altar of the Shining One.
  1727 | D:2      | Found an opulent altar of Gozag.
  2197 | D:3      | Found a glowing silver altar of Zin.
  2246 | D:3      | Found a basalt altar of Yredelemnul.
  2295 | D:3      | Found a sparkling altar of Nemelex Xobeh.
  2413 | D:3      | Reached skill level 5 in Axes
  2450 | D:3      | Reached skill level 5 in Invocations
  2450 | D:3      | Reached XP level 5. HP: 38/45 MP: 8/8
  2880 | D:4      | Noticed Duvessa
  2880 | D:4      | Noticed Dowan
  2885 | D:4      | Reached *** piety under Lugonu
  2926 | D:4      | Found a shimmering blue altar of Sif Muna.
  2961 | D:4      | Banished Duvessa
  2961 | D:4      | Reached skill level 6 in Axes
  2961 | D:4      | Reached XP level 6. HP: 35/51 MP: 10/10
  2964 | D:4      | Killed Dowan
  3319 | D:4      | Found a transporter.
  3319 | D:4      | Noticed Acheron's ghost (amateur MiBe)
  3358 | D:4      | Reached skill level 7 in Axes
  3358 | D:4      | Reached XP level 7. HP: 14/57 MP: 12/12
  3636 | D:4      | Noticed Eustachio
  3682 | D:4      | Found a transporter.
  4111 | D:4      | HP: 2/57 [slave[Pikel] (2)]
  4117 | D:4      | Noticed Pikel
  4341 | D:4      | Banished Pikel
  4341 | D:4      | Reached skill level 8 in Axes
  4786 | D:5      | Entered Level 5 of the Dungeon
  4789 | D:5      | Found Meatoc's Weapon Shoppe.
  4862 | D:5      | Reached XP level 8. HP: 39/64 MP: 14/14
  4919 | D:4      | Killed Eustachio
  4919 | D:4      | Reached skill level 9 in Axes
  4995 | D:5      | Found a sparkling altar of Nemelex Xobeh.
  5013 | D:5      | Found a runed translucent gate.
  5013 | D:5      | Found a runed translucent gate.
  5013 | D:5      | Found a runed translucent gate.
  5113 | D:5      | Found an iron altar of Okawaru.
  5324 | D:5      | Noticed RandomHacker's ghost (novice MiBe)
  5650 | D:6      | Reached skill level 10 in Axes
  6164 | D:6      | Found a shadowy altar of Dithmenos.
  6229 | D:6      | Found a staircase to the Ecumenical Temple.
  6444 | D:5      | Killed RandomHacker's ghost
  6444 | D:5      | Reached skill level 11 in Axes
  6444 | D:5      | Reached skill level 10 in Invocations
  6444 | D:5      | Reached XP level 9. HP: 70/70 MP: 16/16
  6552 | D:7      | Found Laulott's General Store.
  6569 | D:6      | Reached skill level 12 in Axes
  6830 | D:7      | Bought a potion of heal wounds for 75 gold pieces
  6941 | D:7      | Reached **** piety under Lugonu
  7513 | D:7      | Reached skill level 13 in Axes
  7918 | D:8      | Reached skill level 14 in Axes
  7951 | D:8      | Noticed a two-headed ogre
  7964 | D:8      | Banished a two-headed ogre
  7964 | D:8      | Reached XP level 10. HP: 58/77 MP: 17/17
  8105 | D:8      | Reached skill level 15 in Axes
  8697 | D:8      | Paralysed by a hornet for 2 turns
  9004 | D:7      | Paralysed by a hornet for 2 turns
  9346 | D:8      | Noticed a two-headed ogre
  9349 | D:8      | Banished a two-headed ogre
  9349 | D:8      | Reached skill level 16 in Axes
  9952 | D:9      | Reached skill level 5 in Fighting
 10378 | D:9      | Reached skill level 5 in Armour
 10426 | D:9      | Reached XP level 11. HP: 15/91 MP: 15/18
 10799 | D:9      | Found Bul Ozeg's Antique Armour Emporium.
 11130 | D:10     | Entered Level 10 of the Dungeon
 11167 | D:10     | Found a staircase to the Lair.
 11172 | Lair:1   | Entered Level 1 of the Lair of Beasts
 11343 | Lair:1   | Noticed a six-headed hydra
 11352 | Lair:1   | Killed a one-headed hydra
 11352 | Lair:1   | Reached ***** piety under Lugonu
 11486 | Lair:1   | Found a runed translucent gate.
 11486 | Lair:1   | Found a runed translucent gate.
 11486 | Lair:1   | Found a runed translucent gate.
 11488 | Lair:1   | Noticed hitsuchi's ghost (journeyman DEFE)
 12454 | Lair:2   | Found a staircase to the Snake Pit.
 13352 | Lair:2   | Reached skill level 10 in Fighting
 13477 | Lair:2   | Reached XP level 12. HP: 64/107 MP: 19/19
 13511 | Lair:2   | Noticed a queen ant
 13529 | Lair:2   | Killed a queen ant
 13927 | Lair:2   | Reached skill level 10 in Armour
 14416 | Lair:3   | Noticed Nergalle
 14435 | Lair:3   | Killed Nergalle
 15512 | Lair:3   | Noticed a dire elephant
 15521 | Lair:3   | Banished a dire elephant
 16482 | Lair:4   | Found a dark tunnel.
 16494 | Volcano  | Entered a volcano
 16592 | Volcano  | Reached XP level 13. HP: 114/122 MP: 20/20
 16888 | Volcano  | Found a bloodstained altar of Trog.
 16924 | Volcano  | Noticed a stone giant
 16927 | Volcano  | Banished a stone giant
 18311 | Lair:4   | Found a staircase to the Swamp.
 18477 | Lair:4   | Noticed Urug
 18497 | Lair:4   | Killed Urug
 18878 | Lair:5   | Noticed Sonja
 18885 | Lair:5   | Banished Sonja
 20476 | Lair:5   | Reached skill level 15 in Fighting
 21271 | D:10     | Found a staircase to the Orcish Mines.
 22120 | D:11     | Reached XP level 14. HP: 60/135 MP: 21/21
 22545 | D:11     | Reached ****** piety under Lugonu
 23282 | D:12     | Found Jaimiqic's Gadget Shop.
 23296 | D:12     | Found Ucutad's Magic Scroll Emporium.
 23308 | D:12     | HP: 5/136 [skeletal warrior/+0 war axe[a skeletal warrior]
                  | (10)]
 23317 | D:12     | HP: 6/136 [orc warrior/+0 battleaxe (18)]
 23322 | D:12     | HP: 5/136 [poisoned by a killer bee]
 24021 | D:12     | Found Biso's Weapon Shop.
 24099 | D:12     | Found a glowing silver altar of Zin.
 24099 | D:12     | Found a runed translucent door.
 24099 | D:12     | Noticed an angel
 24417 | Lair:6   | Entered Level 6 of the Lair of Beasts
 24707 | Lair:5   | Reached skill level 1 in Evocations
 24777 | Lair:6   | Found a staircase to the Slime Pits.
 26112 | Lair:6   | Reached skill level 17 in Axes
 26190 | Lair:6   | Reached skill level 5 in Evocations
 26558 | Lair:6   | HP: 6/136 [catoblepas/blast of calcifying dust[a boggart]
                  | (4)]
 27078 | Lair:6   | HP: 6/136 [poisoned by a hornet]
 27081 | Lair:6   | HP: 1/136 [wolf (4)]
 27082 | Lair:6   | Slain by a wolf

Levels and vault maps discovered:
D:1:      sevenhm_arrival_forest_fort_large_4, layout_loops_ring
D:2:      minmay_chambers_of_ones, layout_loops_ring,
          nicolae_overflow_hidden_temple,
          chequers_temple_overflow_statue_of_worship, first_ration,
          kennysheep_pointless_box
D:3:      layout_basic, zin_academy, nicolae_overflow_crystal_walls,
          old_standard_altar, serial_glass, glass_columns_c, glass_columns_c,
          glass_columns_a, glass_columns_b, feat_on_display
D:4:      layout_loops_ring, lemuel_doored_altar, gammafunk_ghost_mausoleum,
          uniq_pikel, uniq_eustachio, uniq_duvessa
D:5:      layout_cave_pools, okawaru_gym_becter, gammafunk_ghost_icy,
          serial_shops, shop, grunt_decor_resistance, kennysheep_path_1,
          nemelex_diamond_rough_becter
D:6:      layout_loops_ring, kennysheep_mini_moat, temple_doors_ab
D:7:      layout_rooms, serial_shops, shop_statue,
          chequers_serial_rivers_large_b
D:8:      layout_loops_ring, hangedman_pestilent_swarm,
          kennysheep_opposing_triangles
D:9:      layout_gridville, serial_shops, shop
D:10:     layout_roguey, lair_entry_dummy, erik_orc_1, minmay_gold_behind_fungi
D:11:     layout_grid_maze
D:12:     layout_loops_ring, serial_shops, nicolae_shop_stone,
          nicolae_shop_waterfront, shop, shop, lemuel_angel_altar
Lair:1:   layout_roguey, ebering_ghost_rock_garden
Lair:2:   layout_cave_pods, minmay_snake_entry_guardpost_small, minivault_29,
          grunt_megastairs_4
Lair:3:   mu_elephants_graveyard, layout_gridlike, uniq_nergalle
Lair:4:   lemuel_slime, layout_regular_city, palyth_hydra_swamp_entry,
          nicolae_volcano_entry_lava_flow, infiniplex_staircase_pool_2,
          uniq_urug
Lair:5:   layout_long_grid, minmay_stone_trees_small, grunt_megastairs_3,
          infiniplex_staircase_pool, serial_bayou_shore_a, uniq_sonja
Lair:6:   minmay_lair_end_enchanted_forest, layout_cave_pods,
          minmay_slime_entry_pillars, grunt_megastairs_2, serial_bayou_shore_b

Skill      XL: |  1  2  3  4  5  6  7  8  9 10 11 12 13 14 |
---------------+-------------------------------------------+-----
Axes           | 3 4 5 6 7 8 11 14 16 17 | 17.4
Invocations    | 3 4 5 6 8 10 | 10.8
Fighting       | 6 10 13 15 | 15.9
Armour         | 5 9 11 14 | 14.6
Evocations     | 5 |  5.0
Dodging        | |  0.7

Action                   |  1- 3 |  4- 6 |  7- 9 | 10-12 | 13-15 || total
-------------------------+-------+-------+-------+-------+-------++-------
Melee: Hand axe          |    84 |    44 |       |     6 |    41 ||   175
       War axe           |       |   169 |   457 |   907 |   508 ||  2041
       Battleaxe         |       |       |       |       |   645 ||   645
Invok: Banish            |       |     1 |     2 |     8 |     6 ||    17
       Bend Space        |       |       |       |       |     3 ||     3
Evoke: Wand              |       |       |     1 |     1 |     7 ||     9
  Use: Scroll            |     3 |     3 |     5 |     6 |     8 ||    25
       Potion            |     4 |     8 |     2 |     7 |    10 ||    31
 Stab: Confused          |       |       |       |       |     8 ||     8
       Petrified         |       |       |       |       |    11 ||    11
       Petrifying        |       |       |       |       |     4 ||     4
  Eat: Chunk             |     2 |     6 |     6 |    23 |    17 ||    54
       Ration            |       |       |     3 |     2 |     6 ||    11
Armor: Leather armour    |     2 |       |       |       |       ||     2
       Ring mail         |    10 |       |       |       |       ||    10
       Chain mail        |    23 |   153 |   332 |   303 |       ||   811
       Plate armour      |       |       |       |   242 |   891 ||  1133
Dodge: Dodged            |    43 |    64 |   196 |   203 |   389 ||   895
       Deflected         |       |       |       |     1 |     5 ||     6
Block: Shield            |       |       |       |    97 |   123 ||   220
